 Dungeon Sprint DCSS version 0.19.5 (webtiles) character file.

578 Groucho the Unseen (level 8, -15/40 HPs)
             Began as a Felid Berserker on Mar 4, 2017.
             Was an Elder of Trog.
             Shot with an arrow by a deep elf archer (23 damage)
             ... in the Dungeon (Sprint VI: "Thunderdome").
             The game lasted 00:08:47 (946 turns).

Groucho the Unseen (Felid Berserker)                 Turns: 946, Time: 00:08:48

Health: -15/40     AC:  2    Str: 17    XL:     8   Next: 59%
Magic:  12/12      EV: 27    Int:  8    God:    Trog [****..]
Gold:   40         SH:  0    Dex: 19    Spells: 0 memorised, 7 levels left
                                        Lives:  0   Deaths: 2

rFire  . . .     SeeInvis +       - Unarmed
rCold  . . .     Gourm    .     (armour unavailable)
rNeg   . . .     Faith    .     (shield unavailable)
rPois  +         Spirit   .     (helmet unavailable)
rElec  .         Reflect  .     (cloak unavailable)
rCorr  .         Harm     .     (gloves unavailable)
MR     +++..     Rnd*Rage +     (boots unavailable)
Stlth  +++++++++. NoTele   +    u - amulet of Rokkeuw {Regen+ Str+4}
                                q - ring "Luat" {+Inv Stlth+}
                                m - ring "Utyedeni" {rPois Stlth+}

@: regenerating, quick
A: no armour, no weapons or thrown items, stealth, claws 1, fangs 3, see
invisible, berserk 2, carnivore 3, speed 1, low mp 1, shaggy fur 2, slow
metabolism 1, MP-powered wands, sharp paws
a: Berserk, Trog's Hand, Brothers in Arms, Burn Spellbooks, Renounce Religion,
Evoke Invisibility
}: 1/15 runes: decaying


You were in the Dungeon.
You worshipped Trog.
Trog was greatly pleased with you.
You were not hungry.

You visited 1 branch You collected 850 gold pieces.
You spent 810 gold pieces at shops.

Inventory:

Jewellery
 c - the ring "Duawnol" {Ice Str+4 Dex+7 SInv Stlth-}
   (You bought it in a shop in the Dungeon)

   [ring of ice]

   It enhances your ice magic.
   It affects your strength (+4).
   It affects your dexterity (+7).
   It makes you vulnerable to fire.
   It protects you from cold.
   It lets you see invisible.
   It makes you less stealthy.
 m - the ring "Utyedeni" (left paw) {rPois Stlth+}
   (You bought it in a shop in the Dungeon)

   [ring of poison resistance]

   It protects you from poison.
   It makes you more stealthy.
 n - the ring "Pexzolewn" {rPois rC+ Int+3}
   (You bought it in a shop in the Dungeon)

   [ring of intelligence]

   It affects your intelligence (+3).
   It protects you from cold.
   It protects you from poison.
 o - the amulet of Xom's Entertainment {+Rage Dex+3}
   (You bought it in a shop in the Dungeon)

   [amulet of rage]

   It affects your dexterity (+3).
   It lets you go berserk.
 p - the ring of Imeocumib {*Drain +Blink +Inv Str+4 Dex+2}
   (You bought it in a shop in the Dungeon)

   [ring of strength]

   It affects your strength (+4).
   It affects your dexterity (+2).
   It lets you turn invisible.
   It lets you blink.
   It causes draining when unequipped.
 q - the ring "Luat" (right paw) {+Inv Stlth+}
   (You bought it in a shop in the Dungeon)

   [ring of stealth]

   It lets you turn invisible.
   It makes you more stealthy.
 t - the amulet of the Monkey {Gourm rF+ Int+2 Dex+2}
   (You bought it in a shop in the Dungeon)

   [amulet of the gourmand]

   It allows you to eat raw meat even when not hungry.
   It affects your intelligence (+2).
   It affects your dexterity (+2).
   It protects you from fire.
 u - the amulet of Rokkeuw (around neck) {Regen+ Str+4}
   (You bought it in a shop in the Dungeon)

   [amulet of regeneration]

   It affects your strength (+4).
   It increases your rate of regeneration.
Wands
 h - a wand of acid (4/15)
 i - a wand of iceblast (1/15)
 l - a wand of heal wounds (3/9)
Scrolls
 g - 4 scrolls of blinking
 j - 3 scrolls of fog
 s - a scroll of identify
Potions
 d - 3 potions of haste
 e - 2 potions of magic
 f - a potion of berserk rage
 k - a potion of resistance
 r - a potion of experience
Comestibles
 a - a meat ration


   Skills:
 + Level 7.6 Fighting
 + Level 9.8 Dodging
 - Level 16.2 Stealth
 * Level 15.1 Unarmed Combat
 + Level 5.7 Evocations


You had 7 spell levels left.
You didn't know any spells.

Dungeon Overview and Level Annotations

Branches:
Dungeon (1/1)

Altars:
Cheibriados
Dithmenos
Fedhas
Gozag
Kikubaaqudgha
Makhleb
Okawaru
Qazlal
Ru
Sif Muna
Trog
Uskayaw
Vehumet
Xom
Yredelemnul
Zin
The Shining One
Beogh
Jiyva
Lugonu

Shops:
D *[%??*?*:[((!!!!


Innate Abilities, Weirdness & Mutations

You cannot wear armour.
You are incapable of wielding weapons or throwing items.
Your paws allow you to move quietly. (Stealth)
You have sharp claws.
You have razor-sharp teeth.
You have supernaturally acute eyesight. (SInv)
You are carnivorous and can eat meat at any time.
You cover ground quickly.
You are covered in thick fur. (AC +2)
You have a slow metabolism.
Your sharp claws are effective at attacking unaware monsters.
You often lose your temper in combat.
Your magical capacity is low. (-10% MP)
You expend magic power (3 MP) to strengthen your wands.


Message History

You resist with some effort.
A halberd of venom comes into view.
The deep elf archer shoots an arrow.
The arrow hits you!!
Ouch! That really hurt!
You see here an arrow.
Unknown command.
Your skin crawls.
You feel resistant to hostile enchantments.
You feel somewhat more hungry.
The deep elf archer shoots an arrow.
The arrow hits you!
* * * LOW HITPOINT WARNING * * *
The deep elf archer shoots an arrow.
The arrow misses you.
Unknown command.
Unknown command.
Okay, then.
Okay, then.
You fail to use your ability.
The deep elf archer shoots an arrow.
The arrow hits you!!
Ouch! That really hurt!
You die...

##..[..........###.(...........
###∩.......)8.# #.8........∩##
##∩___......###......_._∩##
######.8.........8.######
#⌠.(.....(.(.⌠# ###...†.....###
#_.(.)..._# #_...(....#
#_.@.((.._# #∩.[)....∩#
##∩.....∩## ##.e...## ##⌠⌠⌠##
#####


You could see a deep elf archer and a halberd of venom (wandering).

Vanquished Creatures
  6 neqoxecs (D)
  5 porcupines (D)
  Purgy (D)
  7 orc priests (D)
  A river rat (D)
  3 quokkas (D)
  A rat (D)
24 creatures vanquished.

Vanquished Creatures (collateral kills)
  the Lernaean hydra (D)
1 creature vanquished.

Grand Total: 25 creatures vanquished

Notes
Turn   | Place    | Note
-------+----------+-------------------------------------------
     0 | D        | Groucho the Felid Berserker began the quest for the Orb.
     0 | D        | Reached XP level 1. HP: 10/10 MP: 2/2
     1 | D        | Found a glowing silver altar of Zin.
     2 | D        | Found a shimmering altar of Xom.
     2 | D        | Found a basalt altar of Yredelemnul.
     3 | D        | Found a shadowy altar of Dithmenos.
     4 | D        | Found a hide-covered altar of Uskayaw.
     4 | D        | Found a radiant altar of Vehumet.
     4 | D        | Found Loprod's Staff Store.
     4 | D        | Found Alossof's Magic Scroll Shop.
     5 | D        | Found Rirchoa's Must-Have Magic.
     5 | D        | Found Qoyc's Magic Scroll Shop.
     7 | D        | Round 1.
    10 | D        | Found a corrupted altar of Lugonu.
    11 | D        | Found a deep blue altar of Sif Muna.
    12 | D        | Found an ancient bone altar of Kikubaaqudgha.
    13 | D        | Found Juodichu's Bee Food.
    14 | D        | Found Kena's Jewellery.
    14 | D        | Found Qes Furgh's Advanced Armour.
    23 | D        | Found Mosehy's Identification Station.
    23 | D        | Found an opulent altar of Gozag.
    23 | D        | Found a blossoming altar of Fedhas.
    23 | D        | Found a viscous altar of Jiyva.
    33 | D        | Bought 3 scrolls of identify for 150 gold pieces
    35 | D        | Noticed Purgy
    41 | D        | Bought a clouded tin ring for 45 gold pieces
    41 | D        | Identified the ring "Utyedeni" {rPois Stlth+} (You bought it in a shop in the Dungeon)
    49 | D        | Killed Purgy
    49 | D        | Reached skill level 5 in Fighting
    49 | D        | Reached XP level 2. HP: 11/16 MP: 3/3
    49 | D        | Reached XP level 3. HP: 13/19 MP: 4/4
    49 | D        | Reached XP level 4. HP: 16/23 MP: 5/5
    68 | D        | Reached ** piety under Trog
    83 | D        | Arena points: 12 (+12) [x2]
    83 | D        | Reached skill level 2 in Stealth
   104 | D        | Found a stormy altar of Qazlal.
   122 | D        | Round 2.
   130 | D        | Found a sacrificial altar of Ru.
   130 | D        | Found Futhrius's Distillery.
   130 | D        | Found Xaixuc's Distillery.
   131 | D        | Found Mevoariq's Bottled Wisdom.
   136 | D        | Found Veacvuh's Do-It-Yourself Clinic.
   136 | D        | Found a snail-covered altar of Cheibriados.
   136 | D        | Found a glowing golden altar of the Shining One.
   144 | D        | Noticed a porcupine
   147 | D        | Found a burning altar of Makhleb.
   149 | D        | Noticed a porcupine
   149 | D        | Found an iron altar of Okawaru.
   152 | D        | Noticed a porcupine
   152 | D        | Found a roughly hewn altar of Beogh.
   159 | D        | Killed a porcupine
   159 | D        | Reached skill level 7 in Stealth
   159 | D        | Reached XP level 5. HP: 10/26 MP: 6/6
   160 | D        | Found a bloodstained altar of Trog.
   160 | D        | Found Rumeawosh's Weapon Rack.
   160 | D        | Found Eqiraesu's Premium Goods.
   161 | D        | Found Cozeics's Basic Armour.
   161 | D        | Found Fowiseip's Miscellaneous Merchandise.
   180 | D        | Noticed a porcupine
   183 | D        | Killed a porcupine
   183 | D        | Reached *** piety under Trog
   183 | D        | Reached skill level 9 in Stealth
   183 | D        | Gained mutation: You are covered in thick fur. (AC +2) [Felid growth]
   183 | D        | Reached XP level 6. HP: 27/30 MP: 7/7
   184 | D        | Killed a porcupine
   184 | D        | Reached skill level 11 in Stealth
   184 | D        | Reached skill level 10 in Unarmed Combat
   185 | D        | Noticed a porcupine
   191 | D        | Mangled by a porcupine
   192 | D        | Reached XP level 5. HP: -6/26 MP: 6/6
   196 | D        | Killed a porcupine
   196 | D        | Reached XP level 6. HP: 30/30 MP: 7/7
   197 | D        | Killed a porcupine
   197 | D        | Reached **** piety under Trog
   197 | D        | Arena points: 54 (+42) [x3]
   197 | D        | Reached skill level 12 in Stealth
   236 | D        | Round 3.
   237 | D        | Noticed a neqoxec
   245 | D        | Killed a neqoxec
   245 | D        | Reached skill level 13 in Stealth
   245 | D        | Reached XP level 7. HP: 33/33 MP: 8/8
   256 | D        | Noticed a neqoxec
   259 | D        | Gained mutation: You expend magic power (3 MP) to strengthen your wands. [a neqoxec]
   260 | D        | Gained mutation: You tend to lose your temper in combat. [a neqoxec]
   270 | D        | Killed a neqoxec
   270 | D        | Reached skill level 14 in Stealth
   320 | D        | Noticed a neqoxec
   333 | D        | Killed a neqoxec
   366 | D        | Noticed a neqoxec
   373 | D        | Gained mutation: Your magical capacity is low. (-10% MP) [a neqoxec]
   375 | D        | Killed a neqoxec
   384 | D        | Noticed a neqoxec
   386 | D        | Noticed a neqoxec
   400 | D        | Killed a neqoxec
   400 | D        | Reached skill level 15 in Stealth
   400 | D        | Reached XP level 8. HP: 31/37 MP: 8/8
   407 | D        | Gained mutation: You often lose your temper in combat. [a neqoxec]
   410 | D        | Reached ***** piety under Trog
   410 | D        | Arena points: 138 (+84) [x4]
   435 | D        | Round 4.
   539 | D        | Reached skill level 16 in Stealth
   563 | D        | Arena points: 298 (+160) [x5]
   582 | D        | Bought 3 scrolls of identify for 150 gold pieces
   590 | D        | Bought a fine tin ring for 45 gold pieces
   590 | D        | Bought a pitted bronze ring for 45 gold pieces
   590 | D        | Bought a smoking ruby amulet for 45 gold pieces
   590 | D        | Bought a bound marble ring for 45 gold pieces
   590 | D        | Bought a clouded ivory ring for 45 gold pieces
   590 | D        | Identified the ring "Duawnol" {Ice Str+4 Dex+7 SInv Stlth-} (You bought it in a shop in the Dungeon)
   591 | D        | Identified the ring "Pexzolewn" {rPois rC+ Int+3} (You bought it in a shop in the Dungeon)
   592 | D        | Identified the amulet of Xom's Entertainment {+Rage Dex+3} (You bought it in a shop in the Dungeon)
   593 | D        | Identified the ring of Imeocumib {*Drain +Blink +Inv Str+4 Dex+2} (You bought it in a shop in the Dungeon)
   594 | D        | Identified the ring "Luat" {+Inv Stlth+} (You bought it in a shop in the Dungeon)
   620 | D        | Round 5.
   730 | D        | Noticed the 27-headed Lernaean hydra
   735 | D        | Killed the 27-headed Lernaean hydra
   735 | D        | Arena points: 578 (+280) [x7]
   735 | D        | Reached skill level 15 in Unarmed Combat
   735 | D        | Reached skill level 5 in Evocations
   735 | D        | Reached XP level 9. HP: 43/43 MP: 8/12
   736 | D        | Got a decaying rune of Zot
   747 | D        | Bought 3 scrolls of identify for 150 gold pieces
   756 | D        | Bought a clouded zirconium amulet for 45 gold pieces
   756 | D        | Bought a scorched pewter amulet for 45 gold pieces
   756 | D        | Identified the amulet of the Monkey {Gourm rF+ Int+2 Dex+2} (You bought it in a shop in the Dungeon)
   757 | D        | Identified the amulet of Rokkeuw {Regen+ Str+4} (You bought it in a shop in the Dungeon)
   911 | D        | Round 6.
   912 | D        | Noticed a deep elf archer
   938 | D        | Shot with an arrow by a deep elf archer
   939 | D        | Reached XP level 8. HP: 0/40 MP: 11/12
   942 | D        | Noticed a halberd of venom
   946 | D        | Shot with an arrow by a deep elf archer

Skill      XL: |  1  2  3  4  5  6  7  8 |
---------------+-------------------------+-----
Fighting       | 5 7 |  7.6
Dodging        | 6 9 |  9.8
Unarmed Combat | 6 8 11 10 12 15 | 15.1
Stealth        | 7 9 13 15 16 | 16.2
Evocations     | 5 |  5.7

Action                   |  1- 3 |  4- 6 |  7- 9 || total
-------------------------+-------+-------+-------++-------
Melee: Unarmed           |     9 |    29 |    63 ||   101
       Bite              |       |     6 |     5 ||    11
       Punch             |       |       |     1 ||     1
Invok: Berserk           |     1 |     1 |     1 ||     3
       Trog's Hand       |       |     1 |     5 ||     6
       Brothers in Arms  |       |       |     3 ||     3
Evoke: Wand              |       |     5 |     1 ||     6
  Use: Scroll            |     1 |       |     7 ||     8
       Potion            |       |     4 |     2 ||     6
 Stab: Distracted        |       |       |     1 ||     1
  Eat: Chunk             |       |     1 |     4 ||     5
Armor: Skin              |       |     2 |       ||     2
Dodge: Dodged            |    14 |    34 |    60 ||   108
